 Dungeon Crawl Stone Soup version 0.30-a0-365-ge7f957f1db (webtiles) character file.

Game seed: 760410034925856008

9643 leviel the Cleaver (level 11, -3/104 HPs)
             Began as a Hill Orc Fighter on Nov 18, 2022.
             Was a High Priest of Okawaru.
             Slain by a red devil
             ... wielding a +1 demon trident of electrocution
             ... summoned by a kobold demonologist
              (11 damage)
             ... on level 10 of the Dungeon.
             The game lasted 00:13:34 (8900 turns).

leviel the Cleaver (Hill Orc Fighter)               Turns: 8900, Time: 00:13:35

Health: -3/104     AC: 18    Str: 24      XL:     11   Next: 49%
Magic:  15/15      EV:  7    Int: 12 (13) God:    Okawaru [*****.]
Gold:   456        SH:  5    Dex:  8 (10) Spells: 10/10 levels left

rFire   + . .      SeeInvis .    s - +1 war axe (flame)
rCold   . . .      Faith    .    c - +0 buckler
rNeg    . . .      Spirit   .    I - +2 plate armour {rF+}
rPois   .          Reflect  .    G - +2 hat
rElec   .          Harm     .    h - +2 cloak
rCorr   .          Rampage  ∞    r - +0 pair of gloves
Will    +....                    J - +3 pair of seven-league boots {Rampage+∞}
Stlth   ..........               m - amulet of regeneration
HPRegen 1.17/turn                A - +4 ring of protection
MPRegen 0.14/turn                K - ring "Feffad" {Will+ Int+5}

@: mighty, lethally poisoned (-3 -> -12), on fire, spiked, corroded, glowing,
studying Fighting
A: no striking features
a: Renounce Religion, Heroism, Finesse, Duel


You were on level 10 of the Dungeon.
You worshipped Okawaru.
Okawaru was extremely pleased with you.
You visited 2 branches of the dungeon, and saw 11 of its levels.
You also visited: Sewer.

You collected 676 gold pieces.
You spent 220 gold pieces at shops.

Inventory:

Hand Weapons
 a - a +0 war axe
 d - a +0 hand axe of distortion
 s - a +1 war axe of flaming (weapon)
 w - the +3 quarterstaff "Kuuptas" {elec, *Noise Will+ MP+9 Str+5}
   (You found it in a sewer)

   It occasionally discharges a powerful burst of electricity upon striking a
   foe.
   Str:       It affects your strength (+5).
   MP:        It affects your magic capacity (+9).
   *Noise:    It may make noises in combat.
   Will:      It increases your willpower.
Missiles
 g - 35 poisoned darts (quivered)
 q - 4 silver javelins
 H - 3 atropa-tipped darts
Armour
 b - a +2 scale mail
 c - a +0 buckler (worn)
 e - a +0 pair of boots
 h - a +2 cloak (worn)
 r - a +0 pair of gloves (worn)
 G - a +2 hat (worn)
 I - a +2 plate armour of fire resistance (worn)
 J - the +3 pair of seven-league boots (worn) {Rampage+∞}
   (Okawaru gifted it to you on level 8 of the Dungeon)

   Its wearer moves as far as possible in that direction when moving towards
   enemies.
Jewellery
 m - an amulet of regeneration (around neck)
 A - a +4 ring of protection (left hand)
 C - a +4 ring of evasion
 D - a ring of positive energy
 K - the ring "Feffad" (right hand) {Will+ Int+5}
   (You found it on level 8 of the Dungeon)

   [ring of willpower]

   Int:       It affects your intelligence (+5).
   Will:      It increases your willpower.
 M - a ring of poison resistance
Wands
 t - a wand of flame (7)
Scrolls
 i - 5 scrolls of teleportation
 j - 9 scrolls of identify {@r1}
 n - 3 scrolls of fog
 u - a scroll of enchant weapon {unknown}
 v - 2 scrolls of noise {unknown}
 y - 2 scrolls of blinking
 z - a scroll of enchant armour {@r2}
 F - a scroll of poison {unknown}
 L - a scroll of silence {unknown}
 O - a scroll of brand weapon {unknown}
Potions
 f - a potion of haste
 k - 7 potions of curing {unknown}
 l - 2 potions of flight {unknown}
 o - a potion of brilliance {unknown}
 p - a potion of ambrosia {unknown}
 x - a potion of degeneration {unknown}
 B - 2 potions of heal wounds {unknown}
 E - a potion of might
 N - a potion of attraction {unknown}


   Skills:
 + Level 11.9 Fighting
 * Level 13.1 Axes
 - Level 6.0 Throwing
 + Level 8.4 Armour
 + Level 8.5 Shields
 + Level 5.9 Invocations


You had 10 spell levels left.
You didn't know any spells.
Your spell library contained the following spells:

 Spells                   Type           Power      Damage    Failure   Level
 Sublimation of Blood     Necr           0%         N/A       100%        2
 Wereblood                Tmut           0%         N/A       100%        2
 Frozen Ramparts          Ice            0%         1d1       100%        3
 Ozocubu's Armour         Ice            0%         N/A       100%        3
 Ice Form                 Ice/Tmut       0%         N/A       100%        4
 Manifold Assault         Tloc           0%         N/A       100%        4
 Dispersal                Tloc           0%         N/A       100%        6
 Ozocubu's Refrigeration  Ice            0%         4d7       100%        7
 Disjunction              Tloc           0%         N/A       100%        8
 Summon Ice Beast         Ice/Summ       Unusable   N/A       N/A         4
 Summon Hydra             Summ           Unusable   N/A       N/A         7

Dungeon Overview and Level Annotations

Branches:
Dungeon (10/15)            Temple (1/1) D:5            Lair (0/5) D:8
  Sewer (visited)
    Orc: D:9-12

Altars:
Ashenzari
Cheibriados
Dithmenos
Fedhas
Hepliaklqana
Kikubaaqudgha
Makhleb
Nemelex Xobeh
Okawaru
Qazlal
Uskayaw
Vehumet
Wu Jian
Xom
Zin
Beogh

Shops:
D:10 [(=


Message History

You hit the kobold demonologist. You burn the kobold demonologist.
The kobold demonologist is almost dead.
You hit the smoke demon but do no damage.
You hit the quasit but do no damage.
The quasit disappears in a puff of smoke!
The smoke demon hits you. The smoke demon closely misses you.
The smoke demon hits you.
* * * LOW HITPOINT WARNING * * *
The orange demon stings you but does no damage.
The red devil hits you from afar with a +1 demon trident of electrocution.
* * * LOW HITPOINT WARNING * * *
Barbed spikes become lodged in your body.
You closely miss the kobold demonologist.
The kobold demonologist is almost dead.
You hit the smoke demon but do no damage.
The kobold demonologist hits you but does no damage.
The smoke demon hits you but does no damage. x2
The smoke demon barely misses you. The orange demon stings you from afar!
* * * LOW HITPOINT WARNING * * *
You are poisoned.
The orange demon poisons you!
The red devil hits you from afar with a +1 demon trident of electrocution.
* * * LOW HITPOINT WARNING * * *
Barbed spikes become lodged in your body.
You feel very mighty all of a sudden.
* * * LOW HITPOINT WARNING * * *
You feel very sick.
The kobold demonologist hits you but does no damage.
The smoke demon gestures at you.
The sticky flame hits you but does no damage.
You are covered in liquid flames!
The quasit bites you but does no damage.
The quasit claws you.
* * * LOW HITPOINT WARNING * * *
You feel clumsy.
The quasit claws you but does no damage.
The orange demon barely misses you.
The red devil hits you but does no damage.
You are electrocuted!
You die...

###........'.........+....∩......
#.#...####.........####...#.###
#.##.## ##.......## ##.##.#
#....# ##.....## ####.## ####.#
##...## ##...## #.# ##'#)......
#.#.#.# #.# #.#.#..... ##.[.##
#.# #)#.# #### ##.### #.# #@#.#
#.... #.# #...5K53K...###.###.#..
.# #.##.544.#............#
##....# ###.##.#.## ##.#.. #.#.#.
#.###. #...## #.# ## ###..# #.#
##.. ###


You could see an orange demon (summoned), a kobold demonologist, a smoke demon
(summoned), a red devil (summoned), an iron imp (summoned), a quasit (summoned),
an ufetubus (summoned) and a kobold.

Vanquished Creatures
  2 two-headed ogres
  Pikel (D:7)
  A manticore (D:6)
  An ugly thing (D:9)
  Joseph (D:7)
  A kobold demonologist (D:10)
  An unseen horror (D:9)
  A komodo dragon (D:8)
  Prince Ribbit (D:8)
  A spriggan (D:7)
  5 yaks (D:10)
  A shadow (D:10)
  A wraith (D:10)
  An acid dragon (D:9)
  2 ice beasts
  3 water moccasins
  A sky beast (D:7)
  A black bear (D:6)
  5 orc warriors
  2 ogres
  2 phantoms (D:6)
  2 centaurs
  2 gnoll sergeants
  3 kobold brigands
  8 bullfrogs
  A necrophage (D:5)
  4 scorpions
  4 wights (D:8)
  8 killer bees
  5 howler monkeys
  4 hounds
  A jelly (D:6)
  8 orc priests
  A gnoll bouda (D:6)
  9 iguanas
  6 orc wizards
  11 gnolls
  9 adders
  A white imp (D:4)
  An ufetubus (D:5)
  4 worms
  4 dart slugs
  55 orcs
  7 endoplasms
  9 giant cockroaches
  14 goblins
  11 hobgoblins
  2 jackals (D:1)
  5 quokkas
  12 ball pythons
  4 bats
  12 frilled lizards
  14 kobolds
  5 rats
281 creatures vanquished.

Vanquished Creatures (others)
  A kobold (D:10)
  4 fungi (D:10)
  16 plants (D:8)
21 creatures vanquished.

Grand Total: 302 creatures vanquished

Notes
Turn   | Place    | Note
-------+----------+-------------------------------------------
     0 | D:1      | leviel the Hill Orc Fighter began the quest for the Orb.
     0 | D:1      | Reached XP level 1. HP: 19/19 MP: 1/1
   100 | D:1      | Reached skill level 3 in Axes
   117 | D:1      | Reached XP level 2. HP: 24/27 MP: 2/2
   809 | D:2      | Reached XP level 3. HP: 25/33 MP: 3/3
  1006 | D:2      | Reached XP level 4. HP: 36/40 MP: 4/4
  1008 | D:2      | Reached skill level 4 in Axes
  1848 | D:3      | Found a faded altar of an unknown god.
  1928 | D:3      | Prayed at the altar of an unknown god.
  1928 | D:3      | Became a worshipper of Warmaster Okawaru
  1928 | D:3      | Reached * piety under Okawaru
  2449 | D:4      | Found a hide-covered altar of Uskayaw.
  2466 | D:4      | Reached skill level 1 in Throwing
  2526 | D:4      | Reached XP level 5. HP: 43/46 MP: 5/5
  2567 | D:4      | Reached skill level 5 in Axes
  2571 | D:4      | Reached XP level 6. HP: 13/53 MP: 6/6
  2908 | D:4      | Found an iron altar of Okawaru.
  3320 | D:5      | Entered Level 5 of the Dungeon
  3321 | D:5      | Identified a scroll of acquirement
  3321 | D:5      | Acquired a manual of Fighting
  3363 | D:5      | Reached skill level 5 in Fighting
  3421 | D:5      | Reached skill level 6 in Axes
  3516 | D:5      | Found a staircase to the Ecumenical Temple.
  3520 | D:5      | Reached ** piety under Okawaru
  3521 | D:5      | Reached XP level 7. HP: 61/61 MP: 7/7
  3551 | Temple   | Entered the Ecumenical Temple
  3600 | D:5      | Reached skill level 5 in Armour
  3615 | D:5      | Reached skill level 5 in Shields
  3639 | D:5      | Reached skill level 7 in Axes
  3734 | D:5      | Reached XP level 8. HP: 69/70 MP: 8/8
  3855 | D:5      | Found a glowing drain.
  3864 | Sewer    | Entered a sewer
  4061 | Sewer    | Identified the +3 quarterstaff "Kuuptas" {elec, *Noise
                  | Will+ MP+9 Str+5}
  4226 | D:5      | Found a broken altar of Ashenzari.
  4449 | D:6      | Reached *** piety under Okawaru
  4497 | D:6      | Noticed a manticore
  4531 | D:6      | Reached skill level 8 in Axes
  4584 | D:6      | Killed a manticore
  4584 | D:6      | Reached **** piety under Okawaru
  4585 | D:6      | Reached skill level 9 in Axes
  4585 | D:6      | Reached XP level 9. HP: 46/81 MP: 9/9
  4667 | D:6      | Identified the +0 leather armour of the Grue {MP+9 Str+2}
  5039 | D:6      | Reached skill level 10 in Axes
  5588 | D:7      | Reached ***** piety under Okawaru
  5637 | D:7      | Found a shadowy altar of Dithmenos.
  5657 | D:7      | Noticed Joseph
  5683 | D:7      | Killed Joseph
  5684 | D:7      | Reached skill level 1 in Invocations
  5884 | D:7      | Reached XP level 10. HP: 92/92 MP: 11/11
  6100 | D:7      | Noticed Pikel
  6110 | D:7      | Killed Pikel
  6110 | D:7      | Received a gift from Okawaru
  6111 | D:7      | Reached skill level 11 in Axes
  6111 | D:7      | Reached skill level 5 in Throwing
  6177 | D:7      | Reached skill level 10 in Fighting
  6293 | D:7      | Found a radiant altar of Vehumet.
  6307 | D:7      | Found a blossoming altar of Fedhas.
  6407 | D:7      | Received a gift from Okawaru
  6696 | D:8      | Noticed Prince Ribbit
  6733 | D:8      | Killed Prince Ribbit
  6818 | D:8      | Received a gift from Okawaru
  6818 | D:8      | Found the +3 pair of seven-league boots {Rampage+∞}
  6998 | D:8      | Found a staircase to the Lair.
  7054 | D:8      | Identified the ring "Feffad" {Will+ Int+5}
  7127 | D:8      | Found a glowing silver altar of Zin.
  7679 | D:9      | Reached skill level 12 in Axes
  7725 | D:9      | Found a roughly hewn altar of Beogh.
  7797 | D:9      | Noticed a red ugly thing
  7808 | D:9      | Killed a red ugly thing
  8131 | D:9      | Killed an unseen horror
  8132 | D:9      | Reached XP level 11. HP: 102/102 MP: 14/14
  8157 | D:9      | Noticed a two-headed ogre
  8170 | D:9      | Killed a two-headed ogre
  8171 | D:9      | Reached skill level 5 in Invocations
  8324 | D:10     | Entered Level 10 of the Dungeon
  8361 | D:10     | Found Beazaz's Jewellery Shop.
  8371 | D:10     | Bought a ring of poison resistance for 220 gold pieces
  8480 | D:10     | Found a sparkling altar of Nemelex Xobeh.
  8632 | D:10     | Noticed a two-headed ogre
  8642 | D:10     | Killed a two-headed ogre
  8731 | D:10     | Found Maeg's Antique Weapon Shop.
  8737 | D:10     | Found an ancient bone altar of Kikubaaqudgha.
  8749 | D:10     | Found Ivoorroo's Antique Armour Boutique.
  8770 | D:10     | Reached skill level 13 in Axes
  8900 | D:10     | Slain by a red devil

Illustrated notes

Levels and vault maps discovered:
D:1:      minmay_arrival_floating_metal, layout_basic
D:2:      layout_basic
D:3:      layout_loops_corners, dreamdust_ecumenical_altar_statues
D:4:      nicolae_cairo_tiling_large_dashed, layout_loops_cross,
          overflow_temple_1_default, nicolae_overflow_crystal_walls
D:5:      corexii_shantytown, layout_basic, nicolae_ashenzari_skybound,
          minmay_temple_entry_statues_fountains, cheibrodos_sewer_entry_sluice,
          minivault_23
D:6:      minmay_clustersquares, layout_basic
D:7:      layout_basic, grunt_dithmenos_smoke, amethyst_overflow_temple_binary,
          the_hattery, uniq_pikel, uniq_joseph
D:8:      layout_cave_pods, zin_academy, david_lair_shrubbed,
          uniq_prince_ribbit1
D:9:      layout_loops_ring, special_room [special_room_orc]
D:10:     layout_loops_corners, nemelex_spade_bored_becter,
          mainiacjoe_overflow_boulevard, serial_shops, shop, shop, shop
Temple:   nicolae_temple_ecumenical_triangle

Skill      XL: |  1  2  3  4  5  6  7  8  9 10 11 |
---------------+----------------------------------+-----
Axes           | 3 4 5 6 7 9 10 12 13 | 13.1
Fighting       | 4 5 6 8 9 11 | 11.9
Throwing       | 1 2 4 5 6 |  6.0
Armour         | 4 5 6 7 8 |  8.4
Shields        | 4 5 6 7 8 |  8.5
Invocations    | 1 4 5 |  5.9

Action                   |  1- 3 |  4- 6 |  7- 9 | 10-12 || total
-------------------------+-------+-------+-------+-------++-------
Melee: War axe           |    91 |   164 |   295 |   322 ||   872
Throw: Dart              |       |       |       |     6 ||     6
  Use: Scroll            |       |     9 |     1 |       ||    10
       Potion            |       |     1 |       |     1 ||     2
Armor: Scale mail        |    53 |    99 |   178 |    49 ||   379
       Plate armour      |       |       |       |   180 ||   180
Dodge: Dodged            |    41 |    98 |   143 |   137 ||   419
Block: Buckler           |    22 |    40 |    87 |    74 ||   223

Table legend: (Time is in decaauts)
 A = Elapsed time spent in this place.
 B = Non-inter-level travel time spent in this place.
 C = Inter-level travel time spent in this place.
 D = Time resting spent in this place.
 E = Time spent auto-exploring this place.
 F = Levels seen in this place.
 G = Mean time per level.
                   A        B        C        D        E       F      G
               +--------+--------+--------+--------+--------+-----+--------+
         Total |   9054 |   8584 |    470 |    225 |   6540 |  12 |  754.5 |
       Dungeon |   8764 |   8294 |    470 |    199 |   6418 |  10 |  876.4 |
        Temple |     34 |     34 |      0 |     26 |      0 |   1 |   34.0 |
         Sewer |    255 |    255 |      0 |      0 |    121 |   1 |  255.0 |
               +--------+--------+--------+--------+--------+-----+--------+

Top non-repeatable levels by time:
     D:6: 1150 daAuts
     D:7: 1060 daAuts
     D:8: 951 daAuts
     D:3: 949 daAuts
     D:5: 901 daAuts
     D:4: 890 daAuts
     D:1: 839 daAuts
     D:2: 738 daAuts
     D:9: 720 daAuts
    D:10: 563 daAuts
   Sewer: 255 daAuts
  Temple: 34 daAuts
